 Dungeon Crawl Stone Soup version 0.28-a0-563-gf77a47075d (webtiles) character file.

Game seed: 1718093459851145485

301 pokedragonboy the Skirmisher (level 6, -5/39 HPs)
             Began as a Gargoyle Fighter on Oct 1, 2021.
             Was an Initiate of Qazlal.
             Killed by divine providence
             ... invoked by an orc priest
              (12 damage)
             ... on level 3 of the Dungeon.
             The game lasted 00:04:46 (2386 turns).

pokedragonboy the Skirmisher (Gargoyle Fighter)     Turns: 2386, Time: 00:04:47

Health: -5/39      AC: 12    Str: 21    XL:     6   Next: 37%
Magic:  7/7        EV: 13    Int:  9    God:    Qazlal [......]
Gold:   83         SH:  4    Dex:  9    Spells: 5/5 levels left

rFire   . . .      SeeInvis .   a - +0 war axe
rCold   . . .      Faith    .   c - +0 buckler
rNeg    + . .      Spirit   .   b - +0 scale mail
rPois   ∞          Reflect  .   o - +0 helmet
rElec   +          Harm     .   (no cloak)
rCorr   .          Rampage  .   (no gloves)
Will    .....                   (no boots)
Stlth   ..........              (no amulet)
HPRegen 0.13/turn               g - +4 ring of evasion
MPRegen 0.10/turn               (no ring)

@: no status effects
A: sickness immunity, AC +4, negative energy resistance 1, electricity
resistance, torment resistance 1, petrification resistance
a: Renounce Religion


You were on level 3 of the Dungeon.
You worshipped Qazlal.
Qazlal was noncommittal.
You visited 1 branch of the dungeon, and saw 3 of its levels.

You collected 83 gold pieces.

Inventory:

Hand Weapons
 a - a +0 war axe (weapon)
 h - a +0 mace
Armour
 b - a +0 scale mail (worn)
 c - a +0 buckler (worn)
 o - a +0 helmet (worn)
Jewellery
 g - a +4 ring of evasion (left hand)
Wands
 j - a wand of polymorph (8)
Scrolls
 f - a scroll of fog {unknown}
 m - a scroll of identify {unknown}
Potions
 d - 2 potions of heal wounds
 e - a potion of curing {unknown}
 i - a potion of degeneration {unknown}
 k - a potion of attraction {unknown}
 l - a potion of mutation {unknown}
 n - a potion of cancellation {unknown}


   Skills:
 + Level 4.4 Fighting
 * Level 3.9 Axes
 + Level 4.4 Armour
 - Level 4.0 Shields
 + Level 2.0 Invocations


You had 5 spell levels left.
You didn't know any spells.
Your spell library was empty.

Dungeon Overview and Level Annotations

Branches:
Dungeon (3/15)

Altars:
Qazlal


Innate Abilities, Weirdness & Mutations

You are immune to sickness and miasma.
Your stone body is resilient. (AC +4)
You are immune to poison.
You resist negative energy. (rN+)
You are resistant to electric shocks. (rElec)
You are resistant to unholy torment.
You are immune to petrification.


Message History

Qazlal accepts your kill. Something hits you but does no damage.
The orc priest hits you with a +0 club.
* * * LOW HITPOINT WARNING * * *
Something completely misses you.
You slash the orc priest!
You kill the orc priest!
Qazlal accepts your kill.
You slash something!
You hear some strange, mumbled words.
You are confused.
Your Invocations skill increases to level 2!
You miss the orc. You barely miss something.
Unknown command.
You're too confused to move!
Something hits you but does no damage.
Unknown command.
You slash the orc!
You kill the orc!
Qazlal accepts your kill.
You miss something. Something hits you but does no damage.
You hear some strange, mumbled words.
You are more confused.
Unknown command.
You closely miss something. You barely miss the orc priest.
You completely miss something. Something hits you but does no damage.
The orc priest closely misses you.
Unknown command.
You miss the orc priest. You barely miss something. Something hits you.
* * * LOW HITPOINT WARNING * * *
The orc priest hits you but does no damage.
Something barely misses you.
Unknown command.
You miss the orc priest. You completely miss something.
The orc priest hits you but does no damage.
Something hits you but does no damage.
Unknown command.
You completely miss something. You miss the orc priest.
You feel less confused.
The orc priest invokes the aid of Beogh against you.
Beogh smites you!
You die...

### ###...##.# ###+###
#.. ..##...##.#
....... #.#
#.###.###.# .⌠...⌠.
#.# #.# #.# #.#
.......###.# #.# #.#
#.. ...o...'.#.# #.#
#.# ### ..(o...#o#.#
#.# #.#
.⌠..o⌠.#)o.#####.###.#
......$#†@...........#
###+############.#####
#.# #.# #.#########
#..........
###########


You could see an orc priest and an orc.

Vanquished Creatures
  An ice beast (D:3)
  An orc priest (D:3)
  Terence (D:3)
  Natasha (thrice) (D:2)
  2 adders (D:3)
  A gnoll (D:1)
  A worm (D:2)
  An orc (D:3)
  6 ball pythons
  4 endoplasms
  A giant cockroach (D:3)
  7 hobgoblins
  2 jackals (D:3)
  4 kobolds
  2 quokkas (D:1)
  6 bats
  3 frilled lizards (D:1)
  2 goblins
  5 rats (D:1)
53 creatures vanquished.

Notes
Turn   | Place    | Note
-------+----------+-------------------------------------------
     0 | D:1      | pokedragonboy the Gargoyle Fighter began the quest for the
                  | Orb.
     0 | D:1      | Reached XP level 1. HP: 14/14 MP: 1/1
    63 | D:1      | Noticed an ogre
    63 | D:1      | Noticed an ogre
    65 | D:1      | Noticed an ogre
    65 | D:1      | Noticed an ogre
   273 | D:1      | Reached XP level 2. HP: 18/19 MP: 2/2
   555 | D:1      | Reached XP level 3. HP: 8/23 MP: 3/3
  1547 | D:2      | Noticed Natasha
  1557 | D:2      | Killed Natasha
  1558 | D:2      | Reached XP level 4. HP: 27/29 MP: 4/4
  1566 | D:2      | Noticed Natasha
  1579 | D:2      | Killed Natasha
  1587 | D:2      | Noticed Natasha
  1593 | D:2      | Killed Natasha
  1594 | D:2      | Reached XP level 5. HP: 33/33 MP: 5/5
  1972 | D:3      | Reached skill level 1 in Invocations
  2068 | D:3      | Noticed an ice beast
  2084 | D:3      | Killed an ice beast
  2085 | D:3      | Reached XP level 6. HP: 38/38 MP: 5/7
  2118 | D:3      | Noticed a fire elemental
  2120 | D:3      | Found a stormy altar of Qazlal.
  2122 | D:3      | Noticed an air elemental
  2122 | D:3      | Noticed a water elemental
  2138 | D:3      | Became a worshipper of Qazlal Stormbringer
  2147 | D:3      | Noticed Terence
  2206 | D:3      | Killed Terence
  2386 | D:3      | Killed from afar by an orc priest

Illustrated notes

Levels and vault maps discovered:
D:1:      erik_arrival_cave_to_civilisation [erik_arrival_cave_to_temple],
          layout_basic, minmay_distorted
D:2:      layout_basic, uniq_natasha
D:3:      layout_loops_ring, nicolae_qazlal_style_of_elements,
          minmay_fountain_box, uniq_terence

Skill      XL: |  1  2  3  4  5  6 |
---------------+-------------------+-----
Axes           | 2 3 |  3.9
Shields        | 4 |  4.0
Fighting       | 4 |  4.4
Armour         | 4 |  4.4
Invocations    | 1 2 |  2.0

Action                   |  1- 3 |  4- 6 || total
-------------------------+-------+-------++-------
Melee: War axe           |   108 |    95 ||   203
       Unarmed           |       |    23 ||    23
  Use: Potion            |     1 |     1 ||     2
Armor: Scale mail        |    72 |    46 ||   118
       Skin              |       |     1 ||     1
Dodge: Dodged            |    58 |    91 ||   149
Block: Buckler           |    22 |    22 ||    44

Table legend: (Time is in decaauts)
 A = Elapsed time spent in this place.
 B = Non-inter-level travel time spent in this place.
 C = Inter-level travel time spent in this place.
 D = Time resting spent in this place.
 E = Time spent auto-exploring this place.
 F = Levels seen in this place.
 G = Mean time per level.
                   A        B        C        D        E       F      G
               +--------+--------+--------+--------+--------+-----+--------+
         Total |   2457 |   2355 |    102 |    195 |   1624 |   3 |  819.0 |
       Dungeon |   2457 |   2355 |    102 |    195 |   1624 |   3 |  819.0 |
               +--------+--------+--------+--------+--------+-----+--------+

Top non-repeatable levels by time:
     D:1: 1290 daAuts
     D:2: 656 daAuts
     D:3: 510 daAuts
